[Event "Czech Youth Championship Open 2023"]
[Site "Teplice"]
[Date "2023.03.11"]
[Round "1.1"]
[White "Pressler, Tobias"]
[Black "Broz, Petr"]
[Result "0-1"]
[ECO "A02"]
[WhiteElo "2096"]
[BlackElo "1993"]
[Annotator "TA"]
[PlyCount "168"]
[EventDate "2023.03.09"]
[EventType "swiss"]
[EventCountry "CZE"]
[SourceTitle "playchess.com"]
[Source "ChessBase"]
[SourceQuality "1"]
[TimeControl "5400+30"]

1. f4 g6 2. Nf3 Bg7 3. g3 b6 4. Bg2 Bb7 5. O-O e6 6. d3 {[%emt 0:01:24] A02: Bird's Opening.} Ne7 7. e4 O-O 8. c3 {[%emt 0:01:17] The position is equal.} c5 9. Nbd2 d6 {[%emt 0:02:42] [#]} 10. Qe1 $146 ({Predecessor:} 10. Qe2 Nd7 11. Nh4 Qc7 12. Ndf3 Rae8 13. Bd2 f5 14. Ng5 Nc8 15. Rae1 Re7 16. exf5 exf5 {½-½ Gavrikov,V (2555)-Murey,J (2500) Zuerich op-A 16th 1992}) 10... Qc7 11. Nc4 b5 12. Ne3 Re8 (12... a5 $11) 13. g4 $14 f5 $2 (13... Nd7 $14) 14. Ng5 $18 Qc8 15. Qh4 h6 {[%emt 0:00:19] [#]} 16. Nxe6 {[%emt 0:00:30][%mdl 576] Remove Defender} Qxe6 17. exf5 Qd7 18. f6 Bxg2 19. Nxg2 (19. Kxg2 $18 Qc6+ 20. Kg1 Bxf6 21. Qxf6) 19... Bxf6 $16 {[%emt 0:00:35][%mdl 64] Deflection} 20. Qxf6 Qxg4 21. Qxd6 {[%emt 0:01:48] f5 is the strong threat.} Nbc6 (21... Nd7 $16) 22. f5 $18 (22. Qxc5 $6 Qf5 23. Qxf5 Nxf5) 22... gxf5 $2 (22... Nd8) 23. Qe6+ (23. Qxh6 Ne5 24. Be3 Nf7 $18) (23. Bxh6 Kf7 $18) (23. Qxc5 Rad8 24. Qxb5 (24. Bxh6 Rxd3 25. Rae1 Rd5 $16) 24... Nd5 $16) 23... Kg7 24. Qxh6+ (24. Bxh6+ Kh7 $18) 24... Kf7 (24... Kg8 $142 25. Bg5 Nd8) 25. Bg5 Rg8 {[%emt 0:01:34] Repels Rae1} 26. h4 $2 (26. Qf6+ $18 Ke8 27. Rae1 Qxg5 28. Qxc6+ Kf7 29. Rxe7+ {[%mdl 64] Clearance} (29. Qxb5 $2 Qxg2#) 29... Kxe7 30. Re1+ (30. Qxc5+ Kf6 $14) 30... Kf8 31. Qxa8+ Kg7 32. Qd5) 26... Rg6 $14 {[%emt 0:00:49] [#]} 27. Rf4 $1 Rxh6 28. Rxg4 fxg4 29. Bxh6 {[%emt 0:00:05] And now Rf1+ would win.} Ne5 $1 30. Ne3 {[%emt 0:02:11] Dodges Nf5} Nxd3 31. Nxg4 (31. Bg5 $14) 31... Rg8 (31... Nf5 $11 {keeps the balance.}) 32. Bg5 $16 Ke6 33. Rd1 ({White should try} 33. a4 $16) 33... c4 $14 34. Rf1 Nd5 {[%emt 0:03:00] Against Rf6+} 35. b3 N5f4 36. Kh2 {[%emt 0:01:24] Inhibits Nh3.} Nd5 37. Kh3 Nxc3 38. Rf6+ Kd5 39. Ra6 Ne4 40. bxc4+ bxc4 41. Be3 (41. Rxa7 {simplifies} Nxg5+ 42. hxg5 Rxg5 43. Ra5+) 41... c3 {[%emt 0:01:15][%cal Od3f2] aiming for ...Ndf2+!} 42. Ra5+ Ndc5 $2 {[%emt 0:04:22] [#]} (42... Kc6 $11 43. Ra4 Re8) 43. Nf6+ $2 Nxf6 $15 44. Rxc5+ {[%emt 0:00:04][%mdl 4096] Endgame KRB-KRN} Ke4 45. Bf2 (45. Rxc3 $15 Nd5 46. Ra3 Nxe3 47. Rxa7) 45... Nd5 (45... Kd3 $19 {and Black stays clearly on top. Threatens to win with ...Ne4.} 46. Rc6 Nh5) 46. Be1 $2 (46. Kh2 $17) 46... Nf4+ $19 47. Kh2 Nd3 $2 (47... Rg2+ $19 48. Kh1 c2) 48. Rc4+ $17 Kd5 {[%emt 0:00:13] Black has more active pieces.} 49. Rxc3 Nxe1 {[%emt 0:00:04] KRN-KR} 50. Rc7 {[%emt 0:00:12] [#]} (50. Re3 $17 {was necessary.}) 50... a6 (50... a5 $1 $19 {is more deadly. ...Nf3+ would be deadly.} 51. Re7 Nf3+ 52. Kh3 Ne5) 51. Kh3 Nd3 {[%emt 0:00:31] Strongly threatening ...Nf4+.} 52. h5 Nf4+ 53. Kh4 Rg2 54. a3 Ne6 55. Ra7 Ke4 56. Rxa6 Kf5 (56... Kf4 $5 57. Kh3 $8 Re2 58. Ra4+ Kf3 $15) 57. Ra5+ Kf4 58. Kh3 {[%emt 0:00:26] Repels Rh2+} Rg1 (58... Rc2 $5 59. Ra4+ $8 Kf3 $15) 59. Kh2 Rg8 60. Ra6 Nd4 61. Rf6+ Nf5 62. Rg6 Rh8 63. h6 Nxh6 ({Of course not} 63... Rxh6+ 64. Rxh6 Nxh6 65. Kh3 $11) 64. Kg2 Ng4 65. Kf1 Rh2 66. Ke1 Ne5 67. Rb6 Ke3 68. Rb3+ Nd3+ 69. Kf1 Rd2 70. Rb6 Rc2 71. a4 Nf4 72. Rb3+ Nd3 ({Better is} 72... Ke4 $17) 73. a5 (73. Rb6 $1 $11) 73... Ra2 74. Rb5 Kf3 75. Kg1 Rg2+ 76. Kf1 Rf2+ 77. Kg1 {[%emt 0:00:04] Black must now prevent Rf5+.} Rg2+ 78. Kf1 Rc2 79. Kg1 Rc6 80. Rb6 Rc1+ 81. Kh2 Rc5 82. a6 Nf4 {[%emt 0:00:07] ( -> ...Rh5+)} 83. a7 $2 (83. Rb3+ $17 Kf2 84. Rb2+ Ne2 85. Kh3) 83... Rh5+ 84. Kg1 Ne2+ {[%emt 0:00:02] What a fight! Excellently played by Broz!   Weighted Error Value: White=0.41/Black=0.46} 0-1

[Event "Czech Youth Championship Open 2023"]
[Site "Teplice"]
[Date "2023.03.11"]
[Round "1.2"]
[White "Sadil, Antonin"]
[Black "Juracak, David"]
[Result "1/2-1/2"]
[ECO "C42"]
[WhiteElo "1683"]
[BlackElo "1820"]
[Annotator "NA RC COMBH"]
[PlyCount "108"]
[EventDate "2023.03.09"]
[EventType "swiss"]
[EventCountry "CZE"]
[SourceTitle "playchess.com"]
[Source "ChessBase"]
[SourceQuality "1"]
[TimeControl "5400+30"]

1. e4 e5 2. Nf3 Nf6 3. Nxe5 d6 4. Nf3 Nxe4 5. Nc3 Nxc3 6. dxc3 Be7 7. Be3 Nc6 8. Qd2 Be6 9. O-O-O Qd7 10. Kb1 a6 11. Ng5 Bxg5 12. Bxg5 f6 13. Bf4 O-O-O 14. Bd3 Ne5 15. Rhe1 Nxd3 16. Qxd3 Bxa2+ 17. Kxa2 Qa4+ 18. Kb1 Qxf4 19. Re7 Rd7 20. Qe2 Rxe7 21. Qxe7 Qg4 22. Rd3 Qd7 23. Re3 c6 24. c4 Rd8 25. Qe4 h6 26. Qg6 Rf8 27. Qg3 f5 28. f4 Rf7 29. Qe1 Kd8 30. Rd3 Re7 31. Qd2 Kc7 32. Qa5+ Kc8 33. Qd2 Re6 34. c5 d5 35. c4 Qe7 36. cxd5 cxd5 37. Rxd5 Re1+ 38. Ka2 Qe6 39. Ka3 Ra1+ 40. Kb4 Kc7 41. Re5 Qc6 42. Qd6+ Qxd6 43. cxd6+ Kxd6 44. Rxf5 Rg1 45. g3 Rg2 46. Ka3 Rxh2 47. Rf7 g5 48. fxg5 hxg5 49. Rg7 Rg2 50. Rxg5 Ke6 51. Rg7 Kd5 52. b3 Kc5 53. Rxb7 Rxg3 54. Rf7 Rg4 1/2-1/2

[Event "Czech Youth Championship Open 2023"]
[Site "Teplice"]
[Date "2023.03.11"]
[Round "1.3"]
[White "Mrkvan, Frantisek"]
[Black "Hlavac, Rudolf"]
[Result "0-1"]
[ECO "B24"]
[WhiteElo "1727"]
[BlackElo "1985"]
[Annotator "TA"]
[PlyCount "105"]
[EventDate "2023.03.09"]
[EventType "swiss"]
[EventCountry "CZE"]
[SourceTitle "playchess.com"]
[Source "ChessBase"]
[SourceQuality "1"]
[TimeControl "5400+30"]

1. e4 c5 2. Nc3 Nc6 3. Bb5 Na5 4. Be2 Nc6 5. Bb5 Na5 6. Be2 {[%emt 0:00:40] B23: Closed Sicilian: Lines without g3.} a6 (6... Nc6 $11) 7. f4 b5 8. Nf3 {[%emt 0:05:19] White is slightly better.} Bb7 9. d3 e6 10. O-O Be7 {[%emt 0:03:00] [#]} 11. Qe1 $146 ({Predecessor:} 11. Be3 Nf6 12. Qe1 O-O 13. Ng5 d5 14. e5 Nd7 15. Nd1 d4 16. Bd2 Nc6 17. Qg3 Bxg5 18. fxg5 Ncxe5 19. Nf2 {0-1 Mannikko,K-Varonen,M (2025) FIN WS/35 email 2013}) 11... Nc6 12. Kh1 (12. Qg3 $14) 12... Nd4 (12... d5 $11) 13. Nxd4 cxd4 14. Nb1 Qc7 (14... Rc8 $11 {remains equal.}) 15. c3 dxc3 16. Nxc3 b4 17. Nd1 Nf6 18. b3 O-O 19. Bb2 Rac8 20. Ne3 a5 21. h3 d6 22. Bf3 Qb6 23. g4 (23. f5 $14) 23... Rfd8 (23... Nd7 $15) 24. Qd2 (24. g5 $11 {keeps the balance.} Nd7 25. d4) 24... Ne8 (24... d5 $17 25. exd5 Nxd5) 25. g5 $11 Nc7 ({Better is} 25... d5 $11 26. exd5 exd5) 26. h4 (26. Qf2 $14) 26... Nb5 ({Black should play} 26... d5 $15 27. e5 Nb5) 27. Rac1 (27. f5 $11) 27... Qa6 (27... Rxc1 $15 28. Rxc1 d5 29. exd5 Nc3) 28. f5 $14 exf5 $2 (28... Rxc1 $14 29. Rxc1 Nc3) 29. Nxf5 $18 Bf8 30. Qe3 $2 ({White should try} 30. Nh6+ $18 gxh6 31. gxh6) 30... d5 (30... Nc3 $11) 31. e5 (31. Rxc8 $14 Bxc8 32. Qf4) 31... Qe6 (31... d4 $15 32. Qf4 Bxf3+ 33. Rxf3 (33. Qxf3 Rxc1 34. Bxc1 Qe6 $17) 33... Rxc1+ 34. Bxc1 Qe6) 32. Bg2 {[%emt 0:01:34] [#]} (32. Qf4 $11) 32... d4 $1 $17 33. Qf4 Bxg2+ 34. Kxg2 Nc3 $36 {[%emt 0:01:13][%mdl 2048] White must now prevent ...Ne2. Black is on the roll.} 35. Bxc3 (35. Rf2 $17) 35... dxc3 $19 ({Inferior is} 35... bxc3 36. Kh2 $17) 36. d4 Rc6 $2 (36... a4 $19 37. h5 axb3 38. axb3 Qxb3) 37. Kh2 {[%emt 0:01:07] [#]} (37. Qe4 $11 {and White is okay.}) 37... a4 $1 38. bxa4 (38. Ne3) 38... Qxa2+ 39. Kg1 Qd5 (39... Qxa4 $2 {loses.} 40. e6 Rxe6 41. Nh6+ gxh6 42. Qxf7+ Kh8 43. Qxe6 $17) 40. Rce1 (40. Ne3 {was the only chance.} Qe6 41. Qe4) 40... g6 41. Nd6 Rcxd6 42. exd6 Bxd6 (42... Rxd6 $2 {too greedy.} 43. Rc1 $19) 43. Qf6 (43. Qf3 $142 Qxd4+ 44. Kg2) 43... Bf8 {[%emt 0:00:35][%cal Bd6f8,Bf8g7,Bg7d4][%mdl 32] Hoping for ...c2.} 44. Rd1 Bg7 45. Qa6 Bxd4+ 46. Kh2 Qe5+ {[%emt 0:01:01] White is weak on the dark squares} (46... c2 $142 47. Rde1 Be5+ 48. Kg1 Qd4+ 49. Rf2 Bg3 {[%mdl 64] Pin} 50. Qf6 Bxf2+ 51. Qxf2 Qxf2+ 52. Kxf2 b3 53. Re4 c1=Q 54. h5 b2 55. hxg6 hxg6 56. Re1 Rd3 57. Ke2 Re3+ 58. Kf2 Qxe1+ 59. Kg2 Rg3+ 60. Kh2 Qg1#) 47. Kh1 Qe4+ {[%emt 0:00:16] Black mates.} 48. Kh2 Qxh4+ 49. Kg2 Qxg5+ 50. Kh2 Be5+ 51. Kh1 Qh4+ 52. Kg2 Qg3+ 53. Kh1 {[%emt 0:00:02] Never resign too early! A fantastic game!   Weighted Error Value: White=1.09/Black=0.63} 0-1

[Event "Czech Youth Championship Open 2023"]
[Site "Teplice"]
[Date "2023.03.11"]
[Round "1.4"]
[White "Zednicek, Filip"]
[Black "Pavlis, Matej"]
[Result "1/2-1/2"]
[ECO "B22"]
[WhiteElo "1885"]
[BlackElo "1868"]
[Annotator "NA RC COMBH"]
[PlyCount "25"]
[EventDate "2023.03.09"]
[EventType "swiss"]
[EventCountry "CZE"]
[SourceTitle "playchess.com"]
[Source "ChessBase"]
[SourceQuality "1"]
[TimeControl "5400+30"]

1. e4 c5 2. c3 Nf6 3. e5 Nd5 4. d4 cxd4 5. cxd4 d6 6. Nf3 Nc6 7. Be2 g6 8. Nc3 Nxc3 9. bxc3 Bg7 10. exd6 Qxd6 11. Qb3 O-O 12. Ba3 Qc7 13. Rb1 1/2-1/2

[Event "Czech Youth Championship Open 2023"]
[Site "Teplice"]
[Date "2023.03.12"]
[Round "2.1"]
[White "Broz, Petr"]
[Black "Pycha, Patrik"]
[Result "1/2-1/2"]
[ECO "B50"]
[WhiteElo "1993"]
[BlackElo "2029"]
[Annotator "TA"]
[PlyCount "43"]
[EventDate "2023.03.09"]
[EventType "swiss"]
[EventCountry "CZE"]
[SourceTitle "playchess.com"]
[Source "ChessBase"]
[SourceQuality "1"]
[TimeControl "5400+30"]

1. e4 c5 2. Nf3 d6 3. c4 Nc6 4. d4 cxd4 5. Nxd4 Nf6 6. Nc3 e6 7. Be3 Be7 8. Be2 O-O 9. O-O a6 10. Rc1 Qc7 {[%emt 0:02:26] [#]} 11. Nd5 $1 {[%emt 0:00:58] White is more active. B54: Sicilian: 2...d6 3 d4 cxd4 4 Nxd4, Unusual Lines .} exd5 12. cxd5 Nxe4 13. dxc6 {[%emt 0:00:14] [#] White is better.} d5 $146 {[%emt 0:08:36] Repels Bc4} (13... Bf6 $14) ({Predecessor:} 13... b5 14. Bf3 Nc5 15. Qc2 Bf6 16. Rfd1 Be5 17. h3 g6 18. Qd2 Ne6 19. Ne2 Re8 {1-0 Anata,C (2202)-Khan,N (1916) Dhaka Walton op 2021 (2)}) 14. cxb7 (14. Qb3 {feels hotter.} bxc6 15. Nxc6 Be6 16. Qb6) 14... Qxb7 {[%emt 0:00:08] [#]} 15. Nc6 $1 Be6 16. Nxe7+ Qxe7 17. Qa4 a5 18. Bf3 {[%emt 0:02:00] This pair of bishops is nice.} ({Better is} 18. f3 $16 Bd7 19. Qd4) 18... Qb4 $11 {[%emt 0:00:52] The position is equal.} 19. Qxb4 axb4 {[%emt 0:00:07] [#]} 20. a3 $1 bxa3 21. bxa3 Ra4 ({Don't play} 21... Rxa3 22. Bxe4 dxe4 23. Bc5 $16) 22. Bxe4 {[%emt 0:01:23] Weighted Error Value: White=0.16 (very precise) /Black=0.14 (very precise)} 1/2-1/2

[Event "Czech Youth Championship Open 2023"]
[Site "Teplice"]
[Date "2023.03.12"]
[Round "2.2"]
[White "Pavlis, Matej"]
[Black "Matejovsky, Ondrej"]
[Result "1-0"]
[ECO "D02"]
[WhiteElo "1868"]
[BlackElo "1931"]
[Annotator "TA"]
[PlyCount "73"]
[EventDate "2023.03.09"]
[EventType "swiss"]
[EventCountry "CZE"]
[SourceTitle "playchess.com"]
[Source "ChessBase"]
[SourceQuality "1"]
[TimeControl "5400+30"]

1. d4 d5 2. Nf3 Nf6 3. c4 e6 4. g3 Bb4+ 5. Bd2 Bxd2+ 6. Nbxd2 O-O 7. Bg2 c6 8. O-O Nbd7 9. Qc2 Re8 10. Rfd1 {[%emt 0:03:04] E11: Bogo-Indian.} Qe7 {[%emt 0:05:59] [#]} 11. e3 $146 ({Predecessor:} 11. Rac1 Nf8 12. Ne5 N6d7 13. Nd3 Ng6 14. e3 Nf6 15. b4 Bd7 16. Nc5 Rab8 17. a4 Red8 {0-1 Zong,D (2129)-Arencibia Monduy,A (2148) PNWCC Online blitz JP 17th 2020 (8)}) 11... e5 12. cxd5 {[%emt 0:05:58] White is slightly better.} Nxd5 13. Nc4 ({White should try} 13. e4 $14 N5b6 14. Nb3) 13... e4 $11 14. Nfe5 f6 15. Nxd7 Bxd7 16. a3 Rad8 17. Nd2 Bf5 18. b4 Rd7 19. Rdc1 Qe6 20. Nb3 {[%emt 0:01:34] [#] And now Nc5 would win.} Rde7 21. Nc5 Qf7 22. Rab1 a6 23. a4 h5 24. b5 cxb5 25. axb5 a5 (25... Rc8 $16 {might work better.}) 26. b6 $18 Nb4 (26... h4 $16 {was necessary.} 27. Rb5 Nb4) 27. Qa4 Nc6 $2 (27... Na2) 28. Bf1 {[%emt 0:02:14] aiming for Bc4.} ({Don't play} 28. Nxb7 Rxb7 29. Qxc6 Kh7 $18) 28... Qg6 {[%emt 0:01:59] [#]} 29. Nxb7 Nxd4 (29... Rxb7 30. Qxc6) 30. Qxd4 Rxb7 31. Qd5+ Rf7 32. b7 Rb8 33. Bc4 h4 34. Qd6 {[%emt 0:00:37] White mates.} hxg3 35. Bxf7+ Qxf7 36. Qxb8+ Kh7 37. Qxg3 {[%emt 0:00:17] Weighted Error Value: White=0.06 (flawless) /Black=0.54} 1-0

[Event "Czech Youth Championship Open 2023"]
[Site "Teplice"]
[Date "2023.03.12"]
[Round "2.3"]
[White "Hlavac, Rudolf"]
[Black "Zednicek, Filip"]
[Result "0-1"]
[ECO "C63"]
[WhiteElo "1985"]
[BlackElo "1885"]
[Annotator "TA"]
[PlyCount "66"]
[EventDate "2023.03.09"]
[EventType "swiss"]
[EventCountry "CZE"]
[SourceTitle "playchess.com"]
[Source "ChessBase"]
[SourceQuality "1"]
[TimeControl "5400+30"]

1. e4 e5 2. Nf3 Nc6 3. Bb5 f5 4. Nc3 fxe4 5. Nxe4 d5 6. Nxe5 dxe4 7. Nxc6 Qg5 8. Qe2 Nf6 9. f4 Qxf4 10. Ne5+ c6 11. d4 Qh4+ 12. g3 Qh3 13. Bc4 Be6 14. Bg5 O-O-O 15. O-O-O Bd6 16. Nf7 {[%emt 0:07:19] has lost popularity (16.Bxe6+). C63: Ruy Lopez: Schliemann/Jaenisch Defence.} Bxf7 17. Bxf7 Rhf8 18. Bc4 {[%emt 0:01:36] White is slightly better.} Qf5 19. Bxf6 Rxf6 {[%emt 0:00:58] [#]} 20. Rde1 $146 ({Predecessor:} 20. Rhf1 Qg5+ 21. Kb1 Re8 22. c3 Kb8 23. Bb3 e3 24. Rxf6 gxf6 25. Rf1 f5 26. Bc2 {½-½ Vitkevicius,J (2311)-Van Vugt,W (2233) CL/0406/C1-3 email 2004}) 20... Re8 21. Qe3 Qf2 22. c3 (22. Bd3 $5) 22... b5 23. Bb3 (23. Bd3 $14 {might be stronger.}) 23... Rf3 $11 24. Qxf2 Rxf2 25. Re3 b4 $36 {[%emt 0:04:01][%mdl 2048] Black is pushing.} 26. c4 (26. Bc4 $11) 26... c5 {[%emt 0:00:21] Black is much more active.} 27. Rhe1 cxd4 28. Rxe4 Rxe4 29. Rxe4 Rxh2 $15 {[%emt 0:00:05] KRB-KRB} 30. g4 d3 {[%emt 0:00:52] [#] White must now prevent ...g5.} 31. Bd1 $2 (31. c5 $1 $11 {and White is okay.} Re2 32. Rxb4) 31... g5 {[%emt 0:04:31] aiming for ...Bf4+.} 32. c5 $2 (32. Rd4 Bf4+ 33. Kb1) 32... Bf4+ $19 (32... Bxc5 $2 33. Rc4 $18) 33. Kb1 Rh1 {[%emt 0:00:28] Weighted Error Value: White=0.89/Black=0.10 (very precise)} 0-1

[Event "Czech Youth Championship Open 2023"]
[Site "Teplice"]
[Date "2023.03.12"]
[Round "2.4"]
[White "Juracak, David"]
[Black "Mrkvan, Frantisek"]
[Result "1/2-1/2"]
[ECO "D40"]
[WhiteElo "1820"]
[BlackElo "1727"]
[Annotator "NA RC COMBH"]
[PlyCount "152"]
[EventDate "2023.03.09"]
[EventType "swiss"]
[EventCountry "CZE"]
[SourceTitle "playchess.com"]
[Source "ChessBase"]
[SourceQuality "1"]
[TimeControl "5400+30"]

1. d4 d5 2. c4 e6 3. Nf3 Nf6 4. Nc3 c5 5. Bg5 Be7 6. cxd5 exd5 7. dxc5 Be6 8. e3 O-O 9. Bd3 Bxc5 10. O-O Nc6 11. Rc1 Bd6 12. Nb5 Bb8 13. Qa4 h6 14. Bh4 a6 15. Nbd4 Nxd4 16. Qxd4 Ba7 17. Bxf6 Qxf6 18. Qxf6 gxf6 19. Rc7 b5 20. Nh4 Rfc8 21. Rfc1 Bb6 22. Rxc8+ Rxc8 23. Rxc8+ Bxc8 24. Bf5 Be6 25. Ng6 Kg7 26. Ne7 Bc5 27. Bxe6 fxe6 28. Nc6 Kf7 29. Kf1 Bd6 30. h3 Ke8 31. Ke2 Kd7 32. Nd4 f5 33. b3 Be7 34. f4 h5 35. Kd3 Kd6 36. a4 b4 37. Ne2 Bh4 38. Ng1 Bf6 39. Nf3 Bg7 40. Ng5 Bf6 41. Nf7+ Ke7 42. Ne5 Kd6 43. Ng6 Bg7 44. Ke2 Bf6 45. Kf2 d4 46. Ke2 dxe3 47. Kxe3 Kd5 48. Nf8 e5 49. fxe5 Bxe5 50. Ng6 Bd6 51. Nf4+ Bxf4+ 52. Kxf4 Kd4 53. Kxf5 Kc3 54. g4 hxg4 55. hxg4 Kxb3 56. g5 Kc3 57. g6 b3 58. g7 b2 59. g8=Q b1=Q+ 60. Ke5 Qe1+ 61. Kf4 Qf2+ 62. Ke5 Qd4+ 63. Kf5 Qxa4 64. Qg3+ Kb2 65. Qe5+ Ka2 66. Qe6+ Ka3 67. Qd6+ Kb3 68. Qd3+ Kb2 69. Kf6 Qc6+ 70. Ke7 Qc5+ 71. Kd8 Qf8+ 72. Kd7 Qg7+ 73. Kd8 Qg5+ 74. Kc8 Qb5 75. Qd2+ Ka3 76. Qc3+ Ka2 1/2-1/2

[Event "Czech Youth Championship Open 2023"]
[Site "Teplice"]
[Date "2023.03.12"]
[Round "2.5"]
[White "Pressler, Tobias"]
[Black "Sadil, Antonin"]
[Result "1-0"]
[ECO "A02"]
[WhiteElo "2096"]
[BlackElo "1683"]
[Annotator "TA"]
[PlyCount "79"]
[EventDate "2023.03.09"]
[EventType "swiss"]
[EventCountry "CZE"]
[SourceTitle "playchess.com"]
[Source "ChessBase"]
[SourceQuality "1"]
[TimeControl "5400+30"]

1. f4 c6 2. Nf3 d5 3. g3 Nf6 4. Bg2 e6 5. O-O {[%emt 0:00:34] [#]} c5 $146 ({Predecessor:} 5... Be7 6. d3 O-O 7. Qe1 Re8 8. e4 dxe4 9. dxe4 Bc5+ 10. Kh1 Qb6 11. h3 Nbd7 12. e5 {0-1 Christensen,T (2154)-Belova,O (2056) Titled Tuesday intern op 18th May blitz 2021 (8)}) 6. d3 {[%emt 0:00:30][%cal Oe2e4] A03: Bird's Opening with 1...d5.} Nc6 7. b3 Be7 8. Bb2 {[%emt 0:00:29][%cal Oe2e4] The position is equal.} O-O 9. Qe1 b6 10. Ne5 (10. e3 $11 {keeps the balance.}) 10... Bb7 (10... Nxe5 $17 11. fxe5 Ng4) 11. Nd2 ({White should play} 11. Nxc6 $11 Bxc6 12. a4) 11... Nd7 ({Black should try} 11... Nxe5 $1 $15 12. Bxe5 Ng4) 12. Nxc6 $11 Bxc6 13. e4 Re8 14. f5 {[%emt 0:04:27] aiming for fxe6.} d4 (14... Bf6 $5 15. fxe6 Rxe6 $11) 15. fxe6 fxe6 16. h4 Qc7 17. Bh3 ({Much worse is} 17. Qf2 Rf8 18. Bf3 Rf6 $17) 17... Kh8 18. Bxe6 {[%emt 0:05:55] [#]} Bxh4 $2 {[%emt 0:00:30][%mdl 8192] A mistake that costs the game.} 19. Bxd7 $18 Bxg3 (19... Bxd7 $142 20. gxh4 Re6) 20. Bxe8 Rxe8 21. Qe2 Qe7 22. Qg4 Bc7 23. Rf3 Bd7 24. Qg2 h6 25. Raf1 {[%emt 0:00:09] Rf7 would be deadly.} Kg8 {[%emt 0:02:19] Prevents Rf7.} 26. c3 Be5 27. cxd4 cxd4 28. Nc4 Qc5 29. Qg6 {[%emt 0:01:12] Ba3 is the strong threat.} Re6 {[%emt 0:07:46] [#]} 30. Rf8+ $1 Qxf8 31. Rxf8+ Kxf8 32. Qf5+ Bf6 33. e5 Kg8 34. Bxd4 Bg5 35. Be3 Re7 36. Qe4 Bxe3+ 37. Nxe3 a5 38. d4 a4 39. bxa4 Bxa4 40. Qa8+ {[%emt 0:00:04] Weighted Error Value: White=0.24 (precise) /Black=0.68} 1-0

[Event "Czech Youth Championship Open 2023"]
[Site "Teplice"]
[Date "2023.03.13"]
[Round "3.1"]
[White "Sadil, Antonin"]
[Black "Broz, Petr"]
[Result "1/2-1/2"]
[ECO "A15"]
[WhiteElo "1683"]
[BlackElo "1993"]
[Annotator "TA"]
[PlyCount "96"]
[EventDate "2023.03.09"]
[EventType "swiss"]
[EventCountry "CZE"]
[SourceTitle "playchess.com"]
[Source "ChessBase"]
[SourceQuality "1"]
[TimeControl "5400+30"]

1. c4 Nf6 2. g3 g6 3. Bg2 Bg7 4. Nf3 O-O 5. Nc3 d6 6. O-O c5 7. d3 Nc6 8. a3 a5 9. Rb1 Bg4 {[%emt 0:02:12] A38: Symmetrical English vs ...g6: 4 Bg2 Bg7 5 Nf3 Nf6.} 10. h3 Bxf3 11. Bxf3 Qd7 {[%emt 0:00:15] White is slightly better.} 12. Bg2 Rab8 {[%emt 0:01:57] [#]} 13. Nb5 $146 ({Predecessor:} 13. Bd2 Ne8 14. Qa4 Nc7 15. Nd5 b5 16. cxb5 Nxb5 17. Nc3 Nba7 18. Rfc1 Rfd8 19. e3 {1-0 Antic,D (2388)-Sherman,R (2126) EU-ch 23rd Vrnjacka Banja 2023 (6)}) 13... Ne8 14. b3 Nc7 15. Nxc7 Qxc7 16. Bb2 b5 17. Bxg7 Kxg7 18. Bxc6 Qxc6 19. Qd2 bxc4 20. bxc4 a4 21. Rb2 d5 (21... Rb7 $11) 22. Rfb1 $14 Rxb2 23. Qxb2+ {[%emt 0:00:14][%mdl 4096] Endgame KQR-KQR} f6 {[%emt 0:01:05] [#]} ({Black should try} 23... Kg8 $1 $14) 24. Qb6 ({White should play} 24. Qb7 $1 $16 Qxb7 25. Rxb7) 24... Qxb6 $11 {[%emt 0:00:42] The position is equal.} 25. Rxb6 dxc4 26. dxc4 {[%emt 0:00:30] KR-KR} Rd8 27. Ra6 Rd2 28. e3 Rc2 29. Rxa4 Kf7 30. Kg2 h5 31. Kf3 Ke6 32. g4 h4 33. Ra6+ Ke5 34. Ra7 e6 35. a4 Rxc4 36. a5 Ra4 37. Ra8 f5 38. gxf5 exf5 39. a6 {[%emt 0:00:13] [#] aiming for a7.} Kf6 40. a7 {[%emt 0:00:34] Hoping for Rf8+.} Kg7 {[%emt 0:00:33] Prevents Rf8.} 41. Rc8 Rxa7 42. Rxc5 Ra4 43. Rc1 Kh6 44. Re1 Re4 45. Rg1 Kh5 46. Rd1 Ra4 47. Kg2 Rb4 48. Rc1 Ra4 {[%emt 0:01:13] Weighted Error Value: White=0.13 (very precise) /Black=0.12 (very precise)} 1/2-1/2

[Event "Czech Youth Championship Open 2023"]
[Site "Teplice"]
[Date "2023.03.13"]
[Round "3.2"]
[White "Mrkvan, Frantisek"]
[Black "Pressler, Tobias"]
[Result "1/2-1/2"]
[ECO "B01"]
[WhiteElo "1727"]
[BlackElo "2096"]
[Annotator "TA"]
[PlyCount "65"]
[EventDate "2023.03.09"]
[EventType "swiss"]
[EventCountry "CZE"]
[SourceTitle "playchess.com"]
[Source "ChessBase"]
[SourceQuality "1"]
[TimeControl "5400+30"]

1. e4 d5 2. exd5 Qxd5 3. Nc3 Qd6 4. Nf3 Nf6 5. d4 c6 6. Be3 {[%emt 0:01:05] B01: Scandinavian Defence.} Bg4 {[%emt 0:00:10] The main line 6...Bg4 scores better than 6...Bf5.} 7. Be2 e6 8. Qd2 {[%emt 0:01:11] White has an edge.} Qc7 9. h3 Bxf3 10. Bxf3 Nbd7 11. O-O-O {[%emt 0:01:59] [#]} Nb6 $146 ({Predecessor:} 11... Bb4 12. a3 Bd6 13. Qe2 O-O 14. g4 b5 15. g5 Nd5 16. Nxd5 cxd5 17. h4 a5 {0-1 Utsab,C (1978)-Ram,S (2255) Bhopal op 2017 (3)}) 12. Qe2 O-O-O 13. Kb1 h6 14. h4 Be7 15. g3 Nbd5 16. Nxd5 cxd5 (16... exd5 $11 {might be stronger.} 17. g4 Bd6) 17. Rc1 Qc4 18. Qd2 (18. Qxc4+ {simplifies} dxc4 19. c3 Nd5 20. Bd2) 18... Bb4 19. c3 Ba5 20. Be2 Qc6 21. Qd3 Kb8 22. c4 (22. Rc2 $14) 22... dxc4 $11 23. Qxc4 Qxc4 24. Rxc4 Rc8 25. Rhc1 {[%emt 0:02:39] [#] aiming for Bf4+.} Nd5 26. g4 Bc7 27. Bf3 Nb6 28. R4c3 Bd6 29. h5 Rxc3 30. Rxc3 Nd7 31. Kc2 e5 32. dxe5 Nxe5 33. Bf4 {[%emt 0:01:21] Weighted Error Value: White=0.13 (very precise) /Black=0.10 (very precise)} 1/2-1/2